 Dungeon Crawl Stone Soup version 0.28-a0-1415-g7c84da036a (webtiles) character file.

Game seed: 14110648705263147001

81 dracfodder the Conjurer (level 4, -6/30 HPs)
             Began as a Human Conjurer on Jan 7, 2022.
             Engulfed by a steam dragon's steam (8 damage)
             ... on level 3 of the Dungeon.
             The game lasted 00:20:04 (2573 turns).

dracfodder the Conjurer (Human Conjurer)            Turns: 2573, Time: 00:20:04

Health: -6/30      AC:  2    Str:  7    XL:     4   Next: 68%
Magic:  0/7        EV: 12    Int: 20    God:
Gold:   97         SH:  0    Dex: 12    Spells: 1/7 levels left

rFire   . . .      SeeInvis .   c - +0 short sword
rCold   . . .      Faith    .   (no shield)
rNeg    . . .      Spirit   .   a - +0 robe
rPois   .          Reflect  .   (no helmet)
rElec   .          Harm     .   (no cloak)
rCorr   .          Rampage  .   (no gloves)
Will    .....                   (no boots)
Stlth   ++........              (no amulet)
HPRegen 0.10/turn               j - ring of wizardry
MPRegen 0.10/turn               (no ring)

@: no status effects
A: no striking features
a: no special abilities


You were on level 3 of the Dungeon.
You visited 1 branch of the dungeon, and saw 4 of its levels.

You collected 97 gold pieces.

Inventory:

Hand Weapons
 b - a +0 hunting sling
 c - a +0 short sword (weapon)
Missiles
 g - 18 stones
 i - 7 arrows
Armour
 a - a +0 robe (worn)
Jewellery
 j - a ring of wizardry (left hand)
Scrolls
 k - a scroll of fog {unknown}
Potions
 d - a potion of haste {unknown}
 e - a potion of curing
 f - a potion of berserk rage {unknown}
 h - a potion of heal wounds {unknown}


   Skills:
 + Level 0.1 Short Blades
 + Level 2.1 Dodging
 + Level 2.4 Stealth
 + Level 2.2 Spellcasting
 * Level 5.4 Conjurations


You had one spell level left.
You knew the following spells:

 Your Spells              Type           Power      Damage    Failure   Level
a - Magic Dart            Conj           92%        1d7       1%          1
b - Searing Ray           Conj           46%        2d6       1%          2
c - Dazzling Flash        Conj/Hex       26%        N/A       6%          3

Your spell library contained the following spells:

 Spells                   Type           Power      Damage    Failure   Level
 Fulminant Prism          Conj/Hex       6%         3d7       21%         4
 Iskenderun's Mystic Bla  Conj/Tloc      13%        2d5       21%         4
 Alistair's Intoxication  Tmut/Pois      1%         N/A       83%         5
 Borgnjor's Vile Clutch   Necr/Erth      1%         N/A       83%         5
 Eringya's Noxious Bog    Tmut/Pois      1%         N/A       100%        6


Dungeon Overview and Level Annotations

Branches:
Dungeon (4/15)
 Temple: D:4-7

Altars:
Fedhas

Shops:
D:1 !


Message History

You climb upwards.
There is a stone staircase leading down here.
A steam dragon comes into view.
Found a large copper ring.
Aiming: Searing Ray (safe; 1% risk of failure)
Press: ? - help, Q - select action, (/) - cycle Shift-Dir - straight line, f - you
Okay, then.
Unknown command.
Casting: Searing Ray (safe; 1% risk of failure)
Confirm with . or Enter, or press ? or * to list all spells.
Aiming: Magic Dart (safe; 1% risk of failure)
Press: ? - help, Shift-Dir - straight line, f - steam dragon
Aim: a steam dragon (100% to hit)
The magic dart hits the steam dragon but does no damage.
Aiming: Searing Ray (safe; 1% risk of failure)
Press: ? - help, Q - select action, (/) - cycle Shift-Dir - straight line, f/p - steam dragon
Aim: a steam dragon (78% to hit)
The searing ray hits the steam dragon!
The steam dragon is moderately wounded. (Press . to maintain the ray.)
The steam dragon breathes steam at you. The ball of steam misses you.
You are engulfed in a cloud of scalding steam.
You are engulfed in a cloud of scalding steam.
The searing ray hits the steam dragon!
The steam dragon is severely wounded.
You finish channelling your searing ray.
You are engulfed in a cloud of scalding steam.
Casting: Searing Ray (safe; 1% risk of failure)
Confirm with . or Enter, or press ? or * to list all spells.
Aiming: Magic Dart (safe; 1% risk of failure)
Press: ? - help, Shift-Dir - straight line, f/p - steam dragon
Aim: a steam dragon (heavily wounded, 100% to hit)
The magic dart hits the steam dragon.
The steam dragon is severely wounded.
The steam dragon breathes steam at you. The ball of steam hits you!
* * * LOW HITPOINT WARNING * * *
You are engulfed in a cloud of scalding steam.
You die...

...####......# #.# #
..... ....... #.# ..
...#####..#+# #.# ..#
............# #.# ....
..#######.######.##....#
..# #>......§....... ..#
########§##...## ..# #§#
.# ..# #@# ..##
......§D....... #..#
.........=..... ...#
............... #..#
............... ...#
..............# ####
#########.....# # ......
#


You could see a steam dragon (catching breath).

Vanquished Creatures
  2 gnolls
  2 adders
  2 dart slugs
  4 ball pythons
  5 endoplasms
  2 giant cockroaches
  4 goblins (D:1)
  2 hobgoblins (D:1)
  5 kobolds
  3 quokkas
  5 bats (D:1)
  A frilled lizard (D:1)
  A rat (D:1)
38 creatures vanquished.

Notes
Turn   | Place    | Note
-------+----------+-------------------------------------------
     0 | D:1      | dracfodder the Human Conjurer began the quest for the Orb.
     0 | D:1      | Reached XP level 1. HP: 13/13 MP: 3/3
   165 | D:1      | Reached XP level 2. HP: 19/19 MP: 1/5
   168 | D:1      | Learned a level 2 spell: Searing Ray
   353 | D:1      | Found a faded altar of an unknown god.
   603 | D:1      | Reached XP level 3. HP: 24/24 MP: 4/6
   607 | D:1      | Learned a level 3 spell: Dazzling Flash
   607 | D:1      | Found Xoklis's Distillery.
   885 | D:1      | Reached skill level 5 in Conjurations
  1075 | D:1      | Upgraded the game from 0.28-a0-1412-gf95308ed99 to
                  | 0.28-a0-1415-g7c84da036a
  1511 | D:2      | Reached XP level 4. HP: 30/30 MP: 0/7
  1872 | D:2      | Found a blossoming altar of Fedhas.
  2564 | D:3      | Noticed a steam dragon
  2573 | D:3      | Engulfed by a steam dragon's steam

Illustrated notes

Levels and vault maps discovered:
D:1:      psy_arrival_spokes, layout_loops_ring,
          hellmonk_ecumenical_altar_arch_garden, serial_shops,
          nicolae_shop_waterfront, corexii_leaking_fountain,
          grunt_decor_junction
D:2:      layout_loops_cross, basic_altar, grunt_decor_fettered
D:3:      cheibrodos_helix_gallery, layout_basic, st_stairs_13,
          small_statue_intersection, chequers_decorated_corner, uniq_sigmund
D:4:      layout_basic, hangedman_decor_clover_reticule, minmay_misc_feat_doors

Skill      XL: |  1  2  3 |
---------------+----------+-----
Conjurations   | 5 |  5.4
Short Blades   | |  0.1
Dodging        | |  2.1
Stealth        | |  2.4
Spellcasting   | |  2.2

Action                   |  1- 3 |  4- 6 || total
-------------------------+-------+-------++-------
Melee: Short sword       |    16 |       ||    16
       Punch             |     1 |       ||     1
 Cast: Magic Dart        |    35 |    17 ||    52
       Searing Ray       |     3 |     8 ||    11
  Use: Scroll            |       |     3 ||     3
Armor: Robe              |     5 |       ||     5
Dodge: Dodged            |    14 |     3 ||    17

Table legend: (Time is in decaauts)
 A = Elapsed time spent in this place.
 B = Non-inter-level travel time spent in this place.
 C = Inter-level travel time spent in this place.
 D = Time resting spent in this place.
 E = Time spent auto-exploring this place.
 F = Levels seen in this place.
 G = Mean time per level.
                   A        B        C        D        E       F      G
               +--------+--------+--------+--------+--------+-----+--------+
         Total |   2578 |   2459 |    119 |    718 |    847 |   4 |  644.5 |
       Dungeon |   2578 |   2459 |    119 |    718 |    847 |   4 |  644.5 |
               +--------+--------+--------+--------+--------+-----+--------+

Top non-repeatable levels by time:
     D:1: 1442 daAuts
     D:2: 997 daAuts
     D:3: 137 daAuts
     D:4: 1 daAuts
